Map: Orbital Shipyard

Players

llllllllllll

  • Race: Protoss Protoss
  • League: Grandmaster

Miszu - Winner!

  • Race: Terran Terran
  • League: Grandmaster

VOD

Have the link to the VOD?

Description

Time

  • Played on: Feb. 14, 2016, 9:41 a.m.
  • Length: 11:32
Show
View Real Time Build Order
Export as new Build Order

llllllllllll Protoss 

Build Orders: 1 Gate Expand 

Get SALT Encoding   

  12  0:01  Probe (Chrono Boost)  
  13  0:11  Probe (Chrono Boost)  
  14  0:17  Pylon  
  14  0:22  Probe (Chrono Boost)  
  15  0:36  Probe (Chrono Boost)  
  15  0:38  Gateway  
  16  0:46  Probe (Chrono Boost)  
  16  0:47  Assimilator  
  18  0:57  Probe (Chrono Boost)  
  18  1:07  Probe (Chrono Boost)  
  19  1:19  Nexus  
  19  1:27  Cybernetics Core  
  19  1:31  Probe (Chrono Boost)  
  20  1:36  Assimilator  
  20  1:41  Probe (Chrono Boost)  
  21  1:51  Pylon  
  21  1:52  Probe (Chrono Boost)  
  22  2:02  Probe (Chrono Boost)  
  23  2:09  Adept (Chrono Boost)  
  23  2:13  Probe  
  26  2:26  Probe  
  26  2:27  Stargate  
  27  2:31  Probe (Chrono Boost)  
  28  2:45  Mothership Core (Chrono Boost)  
  28  2:48  Stalker  
  24  3:10  Probe (Chrono Boost)  
  20  3:14  Probe (Chrono Boost)  
  21  3:21  Probe (Chrono Boost)  
  21  3:24  Probe (Chrono Boost)  
  23  3:27  Stalker (Chrono Boost)  
  22  3:35  Probe  
  22  3:37  Probe  
  22  3:39  Pylon  
  21  3:47  Probe  
  21  3:48  Probe  
  19  3:59  Probe  
  21  4:05  Stalker (Chrono Boost)  
  21  4:07  Probe  
  23  4:18  Probe  
  23  4:19  Probe  
  25  4:30  Probe  
  28  4:32  Oracle (Chrono Boost)  
  28  4:33  Probe  
  30  4:42  Probe  
  30  4:43  Probe  
  30  4:55  Probe  
  30  4:56  Probe  
  30  5:07  Probe x2  
  32  5:18  Probe  
  33  5:21  Warp Gate (Chrono Boost)  
  33  5:24  Oracle (Chrono Boost), Probe  
  37  5:29  Gateway  
  37  5:30  Gateway, Pylon  
  37  5:33  Probe  
  38  5:37  Probe  
  39  5:45  Probe (Chrono Boost)  
  39  5:47  Assimilator  
  39  5:49  Probe (Chrono Boost)  
  41  5:59  Probe (Chrono Boost)  
  41  6:01  Probe (Chrono Boost)  
  45  6:11  Probe x2 (Chrono Boost)  
  45  6:15  Pylon  
  45  6:16  Robotics Facility  
  45  6:18  Sentry  
  47  6:21  Adept  
  47  6:22  Probe (Chrono Boost)  
  47  6:23  Probe (Chrono Boost)  
  51  6:32  Probe (Chrono Boost)  
  52  6:35  Probe (Chrono Boost)  
  53  6:43  Probe (Chrono Boost)  
  55  6:48  Probe (Chrono Boost)  
  55  6:51  Assimilator  
  55  6:53  Probe (Chrono Boost)  
  56  7:00  Probe (Chrono Boost)  
  57  7:03  Gateway x2  
  57  7:04  Immortal (Chrono Boost), Probe (Chrono Boost)  
  57  7:06  Twilight Council  
  62  7:13  Pylon  
  62  7:23  Pylon  
  62  7:27  Pylon  
  62  7:31  Oracle, Probe  
  62  7:35  Adept x2  
  70  7:37  Immortal (Chrono Boost)  
  74  7:44  Resonating Glaives (Chrono Boost)  
  74  7:49  Forge  
  74  7:51  Gateway  
  74  8:00  Stalker x3  
  74  8:03  Pylon  
  80  8:13  Observer  
  80  8:14  Protoss Ground Armor Level 1 (Chrono Boost)  
  80  8:18  Probe  
  80  8:19  Adept  
  82  8:20  Probe  
  80  8:30  Probe  
  80  8:32  Pylon, Probe  
  82  8:36  Pylon  
  82  8:38  Photon Cannon  
  82  8:39  Adept x2  
  86  8:50  Immortal (Chrono Boost), Probe  
  86  8:53  Pylon  
  91  9:09  Adept x3  
  97  9:14  Blink (Chrono Boost)  
  97  9:22  Nexus  
  97  9:27  Pylon  
  99  9:31  Warp Prism (Chrono Boost)  
  99  9:35  Pylon  
  99  9:41  Adept x3  
  99  9:44  Templar Archives  
  105  9:51  Photon Cannon  
  106  9:52  Probe  
  106  9:53  Probe  
  106  9:59  Adept  
  109  10:00  Adept  
  109  10:05  Probe  
  103  10:17  Adept x3  
  103  10:21  Immortal (Chrono Boost)  
  113  10:37  Pylon  
  113  10:43  Stalker x3  
  119  10:50  Stalker x2  
Show
View Real Time Build Order
Export as new Build Order

Miszu Terran - Winner!

Build Orders: MMM Bio 

Get SALT Encoding   

  12  0:00  SCV  
  13  0:12  SCV  
  14  0:18  Supply Depot  
  14  0:24  SCV  
  16  0:43  Barracks  
  16  0:45  Refinery  
  16  0:48  SCV  
  16  1:02  Barracks  
  16  1:06  SCV  
  18  1:18  SCV  
  18  1:31  Barracks Tech Lab, Orbital Command  
  18  1:44  Supply Depot  
  18  1:49  Barracks Tech Lab  
  18  1:50  Marauder  
  20  1:56  Concussive Shells  
  20  1:58  SCV  
  21  2:07  Marauder  
  23  2:11  SCV  
  23  2:14  Marauder  
  26  2:20  Supply Depot  
  26  2:23  SCV  
  26  2:29  Marauder  
  29  2:36  Marauder  
  31  2:50  Marauder  
  33  3:00  Marine  
  31  3:09  SCV  
  31  3:11  Marauder  
  30  3:18  Marauder  
  32  3:21  SCV  
  33  3:33  Marauder  
  32  3:42  SCV  
  33  3:51  Marauder  
  33  3:54  Marauder, SCV  
  36  4:01  Command Center  
  34  4:06  SCV  
  35  4:13  Marauder  
  35  4:16  Marauder  
  39  4:32  Supply Depot  
  39  4:35  SCV  
  38  4:45  Barracks  
  38  4:47  SCV  
  38  4:48  Barracks  
  38  4:49  Factory, Refinery  
  37  4:59  SCV  
  34  5:04  Barracks  
  34  5:10  Engineering Bay  
  34  5:11  SCV  
  32  5:22  Orbital Command  
  32  5:23  SCV  
  31  5:35  SCV  
  31  5:36  Missile Turret  
  31  5:39  Marine, Missile Turret  
  31  5:40  Barracks Tech Lab  
  32  5:45  Missile Turret  
  32  5:46  Starport, Factory Reactor  
  32  5:47  SCV  
  32  5:48  SCV  
  34  5:56  Marine  
  35  5:57  Marine  
  35  5:59  SCV  
  35  6:00  SCV  
  35  6:01  Stimpack  
  38  6:11  Marauder  
  40  6:12  SCV x2  
  40  6:14  Marine  
  40  6:17  Marine  
  40  6:18  Marine x2  
  45  6:24  SCV  
  45  6:25  SCV  
  48  6:31  Marine  
  48  6:32  Marine  
  50  6:36  SCV  
  50  6:37  Marine, SCV  
  50  6:39  Marine x2  
  54  6:47  Medivac x2  
  54  6:48  SCV, Widow Mine  
  54  6:49  SCV  
  54  6:51  Terran Infantry Weapons Level 1  
  62  6:58  Supply Depot, Marine x4  
  62  7:00  SCV  
  62  7:01  SCV  
  69  7:02  Refinery  
  69  7:05  Refinery  
  70  7:08  Marauder  
  70  7:11  Supply Depot  
  70  7:20  Marine x4, Medivac, SCV x2  
  78  7:32  Marine  
  78  7:33  SCV  
  78  7:34  Supply Depot  
  80  7:38  Marine x2, Command Center  
  80  7:43  Marine  
  83  7:45  SCV  
  83  7:46  SCV  
  83  7:50  Liberator  
  85  7:56  Marauder  
  86  8:04  Marine x3  
  89  8:07  Medivac  
  89  8:10  Combat Shields  
  94  8:14  Supply Depot  
  94  8:29  Liberator  
  94  8:31  Factory Reactor  
  94  8:32  Barracks Tech Lab x2  
  94  8:33  Barracks Reactor, Liberator  
  94  8:34  Barracks Tech Lab  
  93  8:36  Marauder  
  93  8:39  Supply Depot  
  95  8:41  Supply Depot  
  98  8:51  Orbital Command  
  99  8:57  Marauder  
  101  9:03  Marauder  
  101  9:07  Fusion Core  
  101  9:09  Marine  
  104  9:11  Marine x2  
  104  9:12  Liberator  
  104  9:13  Supply Depot  
  104  9:15  Supply Depot  
  106  9:27  Marine x3  
  106  9:28  Starport, Marine  
  113  9:34  Liberator  
  113  9:36  SCV  
  113  9:37  SCV  
  115  9:38  Orbital Command  
  115  9:48  SCV  
  115  9:51  Missile Turret  
  119  9:53  Marine x2, Marauder x2  
  119  9:54  Marine x2  
  127  10:06  Starport Tech Lab  
  127  10:07  SCV x2  
  127  10:09  SCV  
  127  10:10  Missile Turret  
  127  10:11  Marine x3  
  127  10:12  Marauder  
  135  10:14  Marine x2  
  135  10:17  Supply Depot  
  135  10:19  SCV x2  
  139  10:21  SCV  
  139  10:28  Liberator x2  
  140  10:31  SCV  
  140  10:32  SCV  
  140  10:33  SCV  
  142  10:44  SCV  
  142  10:46  Marine x3  
  142  10:47  Marine, Marauder  
  142  10:49  Marine  
  156  10:53  Refinery x2  
  156  11:04  Marine x2  
  156  11:05  Marine, Marauder  
  156  11:07  Marine x2  
Tags
 
Add a new tag
Caveats
  • Supply blocks, unpowered buildings, or Contaminate may cause inaccurate times.
  • Supply counts are checked every 10 seconds.